 Dungeon Crawl Stone Soup version 0.24-a0-307-gf989941d98 (webtiles) character file.

Game seed: 16534239390891190664

29 Esekla the Magician (level 3, 0/23 HPs)
             Began as an Octopode Wizard on May 13, 2019.
             Slain by Terence
             ... wielding a +0 flail
              (8 damage)
             ... on level 2 of the Dungeon.
             The game lasted 00:07:51 (1038 turns).

Esekla the Magician (Octopode Wizard)               Turns: 1038, Time: 00:07:51

Health: 0/23       AC:  1    Str:  7    XL:     3   Next: 16%
Magic:  1/7        EV: 13    Int: 20    God:
Gold:   98         SH:  0    Dex: 10    Spells: 5/8 levels left

rFire    . . .     SeeInvis .   d - +0 short sword
rCold    . . .     Gourm    .   (no shield)
rNeg     . . .     Faith    .   a - +0 hat
rPois    .         Spirit   .   (no amulet)
rElec    .         Reflect  .   (no ring)
rCorr    .         Harm     .   (no ring)
MR       .....                  (no ring)
Stlth    ++++......             (no ring)
HPRegen  0.07/turn              (no ring)
MPRegen  0.10/turn              (no ring)
                                (no ring)
                                (no ring)

@: very slightly contaminated
A: almost no armour, stealthy swim, amphibious, 8 rings, constrict 8, camouflage
1, gelatinous body 1
a: no special abilities


You were on level 2 of the Dungeon.
You were not hungry.

You visited 1 branch of the dungeon, and saw 2 of its levels.

You collected 98 gold pieces.

Inventory:

Hand Weapons
 b - a +0 spear
 d - a +0 short sword (weapon)
Armour
 a - a +0 hat (worn)
Scrolls
 e - a scroll of enchant weapon {unknown}
 g - a scroll of amnesia {unknown}
Potions
 f - a potion of berserk rage {unknown}
Comestibles
 c - 4 rations


   Skills:
 * Level 1.6 Fighting
 + Level 0.9 Polearms
 * Level 2.6 Dodging
 - Level 2.6 Stealth
 - Level 3.0 Spellcasting
 + Level 1.0 Conjurations
   Level 1.0 Summonings
 + Level 1.0 Translocations


You had 5 spell levels left.
You knew the following spells:

 Your Spells              Type           Power        Failure   Level  Hunger
a - Magic Dart            Conj           #...         10%         1    None
b - Blink                 Tloc           N/A          14%         2    ##.....

Your spell library contained the following spells:

 Spells                   Type           Power        Failure   Level  Hunger
 Call Imp                 Summ           #.......     14%         2    ##.....
 Slow                     Hex            #.......     22%         2    ##.....
 Conjure Flame            Conj/Fire      #.......     34%         3    ###....
 Mephitic Cloud           Conj/Pois/Air  #.......     36%         3    ###....


Dungeon Overview and Level Annotations

Branches:
Dungeon (2/15)

Altars:
Qazlal

Annotations:
D:2 Terence


Innate Abilities, Weirdness & Mutations

You cannot wear most types of armour.
You are very stealthy in the water. (Stealth+)
You are amphibious.
You can wear up to eight rings at the same time.
You can use your tentacles to constrict eight enemies at once.
Your skin changes colour to match your surroundings (Stealth+).
Your rubbery body absorbs attacks. (AC +1, EV +1)


Message History

You hit Terence but do no damage.
Terence is heavily wounded.
You constrict Terence. Terence hits you with a +0 flail.
You hit Terence.
Terence is severely wounded.
You constrict Terence, but do no damage.
Terence drinks a potion.
Terence is healed!
You completely miss Terence.
Terence is heavily wounded.
You constrict Terence, but do no damage.
Terence barely misses you.
You hit Terence but do no damage.
Terence is heavily wounded.
You constrict Terence, but do no damage.
Terence hits you but does no damage.
You hit Terence.
Terence is heavily wounded.
You constrict Terence, but do no damage.
Terence hits you with a +0 flail!
You die...

..# ..... #≈.............#
..#.##... #.......≈......#
..#.##... #..≈≈≈...≈...#.#
....##...# #.≈≈≈≈≈≈≈≈≈..#.#
.........# #.≈≈≈≈≈≈≈≈≈....#
.....#.#.####...≈≈>_≈≈≈..###
.....†...##...≈.≈≈⌠.≈≈...#
.........##.....≈≈≈≈≈≈...#
#........##..).@@≈≈≈≈≈.≈.#
##...#.#.##.....≈≈≈≈)....#
..............≈.$.≈≈.......#
.....#.#..#.......≈≈......##
###..#....#.####)##.........
.....#...<# #.##.......##
..#...#..## #.##.......#
.##.#†#..†# #.##.......#
....#)##..# #..+...PPPPP


You could see Terence.

Vanquished Creatures
  An ooze (D:1)
  2 leopard geckos
  2 bats (D:1)
  2 giant cockroaches (D:1)
  A goblin (D:2)
  3 hobgoblins
  5 kobolds
  5 frilled lizards
  2 rats (D:1)
23 creatures vanquished.

Vanquished Creatures (others)
  4 toadstools (D:2)
4 creatures vanquished.

Grand Total: 27 creatures vanquished

Notes
Turn   | Place    | Note
-------+----------+-------------------------------------------
     0 | D:1      | Esekla the Octopode Wizard began the quest for the Orb.
     0 | D:1      | Reached XP level 1. HP: 11/11 MP: 4/4
   147 | D:1      | Reached skill level 1 in Fighting
   147 | D:1      | Reached XP level 2. HP: 2/18 MP: 1/6
   151 | D:1      | Learned a level 2 spell: Blink
   775 | D:2      | Reached XP level 3. HP: 20/23 MP: 4/7
   830 | D:2      | Noticed Terence
   900 | D:2      | Found a stormy altar of Qazlal.
  1038 | D:2      | Slain by Terence

Levels and vault maps discovered:
D:1:      minmay_arrival_diagonal_passages, layout_basic, st_stairs_6,
          serial_park_tiny_pond, minmay_tetromino_t2
D:2:      layout_basic, nicolae_qazlal_general_emergency,
          gammafunk_temple_overflow_statue, minmay_gold_behind_fungi,
          uniq_sigmund, uniq_terence

Skill      XL: |  1 |
---------------+----+-----
Fighting       | 1 |  1.6
Polearms       | |  0.9
Dodging        | |  2.6
Stealth        | |  2.6
Spellcasting   | |  3.0
Conjurations   | |  1.0
Summonings     | |  1.0
Translocations | |  1.0

Action                   || total
-------------------------++-------
Melee: Spear             ||    19
       Constrict         ||     7
       Tentacles         ||     8
       Short sword       ||    32
 Cast: Magic Dart        ||    27
 Stab: Sleeping          ||     6
Armor: Skin              ||     4
Dodge: Dodged            ||    27

Table legend:
 A = Non-vault XP
 B = Vault XP
 C = Vault XP percentage of total XP
 D = Non-vault monster count
 E = Vault monster count
 F = Vault count percentage of total count
                 A         B        C        D         E       F
            +---------+---------+-------+---------+---------+-------
      Total |      36 |       6 |  14.3 |      20 |       3 |  13.0
            +---------+---------+-------+---------+---------+-------
        D:1 |      23 |       6 |  20.7 |      12 |       3 |  20.0
        D:2 |      13 |       0 |   0.0 |       8 |       0 |   0.0
            +---------+---------+-------+---------+---------+-------
